 Dungeon Crawl Stone Soup version 0.30-a0-1094-g860fb061e7 (webtiles) character file.

Game seed: 6048988039083068018

527 Chaicat the Chopper (level 7, -1/62 HPs)
             Began as a Minotaur Berserker on Apr 17, 2023.
             Was a Believer of Trog.
             Slain by a phantom (6 damage)
             ... on level 5 of the Dungeon.
             The game lasted 00:08:30 (3017 turns).

Chaicat the Chopper (Minotaur Berserker)            Turns: 3017, Time: 00:08:32

Health: -1/62      AC: 10    Str: 24    XL:     7   Next: 3%
Magic:  0/6        EV: 12    Int:  4    God:    Trog [**....]
Gold:   222        SH:  0    Dex: 15    Spells: 6/6 levels left

rFire   . . .      SeeInvis .    i - +1 hand axe (flame)
rCold   . . .      Faith    .    (no shield)
rNeg    . . .      Spirit   +    o - +0 scale mail
rPois   .          Reflect  .    (helmet restricted)
rElec   .          Rampage  .    (no cloak)
rCorr   .                        f - +2 pair of gloves
Will    ++...                    (no boots) Stlth
                                 j - amulet of guardian spirit
HPRegen 1.30/turn                m - +6 ring of dexterity
MPRegen 0.10/turn                (no ring)

@: lethally poisoned (-1 -> -4), strong-willed, regenerating
A: horns 2, retaliatory headbutt
a: Renounce Religion, Berserk, Trog's Hand


You were on level 5 of the Dungeon.
You worshipped Trog.
Trog was pleased with you.
You visited 1 branch of the dungeon, and saw 5 of its levels.

You collected 222 gold pieces.

Inventory:

Hand Weapons
 i - a +1 hand axe of flaming (weapon)
Missiles
 b - 2 throwing nets (quivered)
Armour
 f - a +2 pair of gloves (worn)
 o - a +0 scale mail (worn)
Jewellery
 j - an amulet of guardian spirit (around neck)
 m - a +6 ring of dexterity (left hand)
Scrolls
 c - 6 scrolls of teleportation
 e - 2 scrolls of enchant armour
 l - a scroll of blinking
 p - 3 scrolls of identify
Potions
 a - 2 potions of cancellation {unknown}
 d - a potion of magic
 g - 2 potions of attraction {unknown}
 h - 2 potions of curing {unknown}
 k - a potion of resistance {unknown}
 n - a potion of invisibility {unknown}


   Skills:
 + Level 5.7 Fighting
 + Level 5.7 Axes
 + Level 5.0 Armour
 + Level 4.6 Dodging


You had 6 spell levels left.
You didn't know any spells.
Your spell library was empty.

Dungeon Overview and Level Annotations

Branches:
Dungeon (5/15)
 Temple: D:4-7

Altars:
Elyvilon
Kikubaaqudgha
Nemelex Xobeh
Okawaru
Qazlal
Sif Muna
Trog
The Shining One

Shops:
D:1 (


Innate Abilities, Weirdness & Mutations

You have a pair of horns on your head.
You reflexively headbutt those who attack you in melee.


Message History

The ogre is severely wounded.
The ogre closely misses you.
Your skin crawls.
You feel strong-willed. The phantom closely misses you.
You furiously retaliate!
You headbutt the phantom. The ogre hits you with a +0 giant club!
* * * LOW HITPOINT WARNING * * *
You hit the ogre. You burn the ogre.
The ogre is almost dead.
You hit the phantom. You burn the phantom.
The phantom hits you but does no damage.
You hit the ogre. You burn the ogre.
You kill the ogre!
Trog accepts your kill.
You closely miss the phantom. The phantom hits you.
* * * LOW HITPOINT WARNING * * *
Your Armour skill increases to level 5!
You have reached level 7!
You completely miss the water moccasin.
Your headbutt misses the water moccasin.
You hit the phantom but do no damage.
The water moccasin bites you but does no damage.
The phantom misses you. The water moccasin bites you.
* * * LOW HITPOINT WARNING * * *
You are poisoned.
The water moccasin poisons you!
You slash the water moccasin! You burn the water moccasin.
The water moccasin is moderately wounded.
You miss the phantom.
You feel very sick. The water moccasin bites you.
* * * LOW HITPOINT WARNING * * *
The phantom hits you but does no damage.
You closely miss the water moccasin. You headbutt the water moccasin.
The water moccasin is heavily wounded.
You hit the phantom. You burn the phantom.
* * * LOW HITPOINT WARNING * * *
You feel very sick. The water moccasin barely misses you. The phantom hits you.
You die...

##..#### ##......
##..###8#####.....
#..##≈~_#...#.....
#.##≈~..##........
##†#≈~...####......
#..'...._8# ##.....
#..#~~...####......
#..##~~..##....###.
#.@S##≈~_#...#.###.
#.#W.###8#####.....
#. #..# ## ..##..
#. .... ..###. ##
...... .... #.
..>.. .... #≈ #....
....# #≈ .... #≈ #.


You could see a water moccasin and a phantom.

Vanquished Creatures
  An ogre (D:5)
  2 scorpions (D:5)
  2 howler monkeys (D:5)
  A jelly (D:5)
  An orc priest (D:3)
  2 iguanas (D:5)
  8 adders
  2 worms
  A dart slug (D:4)
  4 orcs (D:3)
  5 bats
  2 endoplasms
  3 giant cockroaches
  7 goblins
  2 hobgoblins
  4 jackals (D:1)
  A quokka (D:2)
  5 ball pythons
  5 frilled lizards
  5 kobolds
  5 rats
68 creatures vanquished.

Notes
Turn   | Place    | Note
-------+----------+-------------------------------------------
     0 | D:1      | Chaicat the Minotaur Berserker began the quest for the Orb.
     0 | D:1      | Reached XP level 1. HP: 19/19 MP: 0/0
   118 | D:1      | Found a faded altar of an unknown god.
   219 | D:1      | Reached XP level 2. HP: 22/27 MP: 1/1
   291 | D:1      | Found Cyobbin's Weapon Emporium.
   481 | D:2      | Reached XP level 3. HP: 29/33 MP: 2/2
   660 | D:2      | Reached ** piety under Trog
  1207 | D:3      | Reached XP level 4. HP: 40/40 MP: 3/3
  1676 | D:3      | Found a bloodstained altar of Trog.
  1676 | D:3      | Found a sparkling altar of Nemelex Xobeh.
  1677 | D:3      | Found a white marble altar of Elyvilon.
  2186 | D:4      | Found an ancient bone altar of Kikubaaqudgha.
  2732 | D:5      | Entered Level 5 of the Dungeon
  2737 | D:5      | Reached XP level 5. HP: 47/47 MP: 4/4
  2789 | D:5      | Reached skill level 5 in Fighting
  2789 | D:5      | Reached skill level 5 in Axes
  2834 | D:5      | Reached XP level 6. HP: 47/56 MP: 3/5
  2936 | D:5      | Found a shimmering blue altar of Sif Muna.
  2998 | D:5      | Found a glowing golden altar of the Shining One.
  2998 | D:5      | Found a stormy altar of Qazlal.
  2998 | D:5      | Found an iron altar of Okawaru.
  3009 | D:5      | Noticed a water moccasin
  3015 | D:5      | Reached skill level 5 in Armour
  3015 | D:5      | Reached XP level 7. HP: 11/62 MP: 0/6
  3017 | D:5      | Slain by a phantom

Illustrated notes

Levels and vault maps discovered:
D:1:      eino_arrival_water_star, layout_basic, ebering_ecumenical_altar_webs,
          serial_shops, shop
D:2:      layout_loops_ring, minmay_pentomino_z4
D:3:      layout_loops_ring, chequers_temple_overflow_statue_of_worship
D:4:      layout_basic, mainiacjoe_overflow_catwalk
D:5:      minmay_razor_zed, layout_rooms, pf_just_have_faith,
          nicolae_ru_the_path_less_chosen, gammafunk_temple_overflow_claw,
          serial_shops, nicolae_shop_pleasant_corner_grove,
          portal_sewer_entry_f, nzn_random_ring

Skill      XL: |  1  2  3  4  5  6 |
---------------+-------------------+-----
Fighting       | 4 5 |  5.7
Axes           | 4 5 |  5.7
Armour         | 3 4 5 |  5.0
Dodging        | 3 4 |  4.6

Action                     |  1- 3 |  4- 6 |  7- 9 || total
---------------------------+-------+-------+-------++-------
  Melee: Hand axe          |    73 |    88 |     3 ||   164
         Headbutt          |    10 |    17 |     1 ||    28
         Punch             |       |     3 |       ||     3
 Invoke: Trog's Hand       |       |     1 |       ||     1
    Use: Scroll            |     6 |     6 |       ||    12
 Armour: Animal skin       |     7 |       |       ||     7
         Ring mail         |    15 |     8 |       ||    23
         Scale mail        |       |    25 |     2 ||    27
  Dodge: Dodged            |    52 |    48 |     2 ||   102

Table legend: (Time is in decaauts)
 A = Elapsed time spent in this place.
 B = Non-inter-level travel time spent in this place.
 C = Inter-level travel time spent in this place.
 D = Time resting spent in this place.
 E = Time spent auto-exploring this place.
 F = Levels seen in this place.
 G = Mean time per level.
                   A        B        C        D        E       F      G
               +--------+--------+--------+--------+--------+-----+--------+
         Total |   3027 |   2925 |    102 |    126 |   2254 |   5 |  605.4 |
       Dungeon |   3027 |   2925 |    102 |    126 |   2254 |   5 |  605.4 |
               +--------+--------+--------+--------+--------+-----+--------+

Top non-repeatable levels by time:
     D:3: 796 daAuts
     D:4: 734 daAuts
     D:2: 729 daAuts
     D:1: 481 daAuts
     D:5: 286 daAuts
